 Dungeon Crawl Stone Soup version 0.18-a0-1229-ge9a1a01 (webtiles) character file.

744 Duffy the Chiller (level 7, 0/40 HPs)
             Began as a Deep Elf Ice Elementalist on Feb 4, 2016.
             Was a Believer of Vehumet.
             Slain by a troll (3 damage)
             ... on level 7 of the Dungeon.
             The game lasted 00:12:01 (8030 turns).

Duffy the Chiller (Deep Elf Ice Elementalist)       Turns: 8030, Time: 00:12:01

Health: 0/40       AC:  6    Str:  5    XL:     7   Next: 47%
Magic:  3/17       EV: 13    Int: 22    God:    Vehumet [**....]
Gold:   404        SH:  0    Dex: 15    Spells: 3 memorised, 9 levels left

rFire  . . .     SeeInvis .     (no weapon)
rCold  . . .     Gourm    .     s - +2 robe {rN+}
rNeg   + . .     Faith    .     (no shield)
rPois  +         Spirit   .     h - +0 helmet
rElec  .         Dismiss  .     (no cloak)
rCorr  .         Reflect  .     (no gloves)
SustAt .         Harm     .     q - +0 pair of boots (curse)
MR     .....                    (no amulet)
Stlth  ++........               d - ring of wizardry
                                g - ring of poison resistance

@: not resistant to hostile enchantments, unstealthy
A: no striking features
a: Renounce Religion


You were on level 7 of the Dungeon.
You worshipped Vehumet.
Vehumet was pleased with you.
You were near starving.

You visited 1 branch of the dungeon, and saw 7 of its levels.
You also visited: Ossuary.

You collected 404 gold pieces.


   Skills:
 - Level 2.0 Fighting
 - Level 2.4 Dodging
 - Level 2.4 Stealth
 + Level 5.6 Spellcasting
 * Level 5.4 Conjurations
 + Level 6.1 Ice Magic


You had 9 spell levels left.
You knew the following spells:

 Your Spells              Type           Power        Failure   Level  Hunger
a - Freeze                Ice            ####         1%          1    None
c - Throw Icicle          Conj/Ice       ####....     4%          4    ####...
w - Ozocubu's Armour      Chrm/Ice       ###.....     4%          3    ##.....

Inventory:

Missiles
 o - 36 poisoned needles
Armour
 h - a +0 helmet (worn)
 q - a cursed +0 pair of boots (worn)
 s - a +2 robe of positive energy (worn)
Jewellery
 d - a ring of wizardry (right hand)
 g - a ring of poison resistance (left hand)
 m - an uncursed ring of fire
Scrolls
 a - 2 scrolls of recharging {unknown}
 e - a scroll of remove curse {unknown}
 f - a scroll of blinking {unknown}
 k - a scroll of magic mapping {unknown}
 p - 2 scrolls of teleportation {unknown}
 u - a scroll of immolation {unknown}
 A - a scroll of fog {unknown}
 C - 2 scrolls of noise {unknown}
 E - a scroll of brand weapon {unknown}
 F - a scroll of random uselessness {unknown}
Potions
 j - 3 potions of curing
 l - 2 potions of cure mutation
 t - 2 potions of brilliance
 v - a potion of haste
 w - a potion of agility
 z - a potion of magic
 B - a potion of flight {unknown}
 D - a potion of ambrosia {unknown}
Books
 b - a book of Frost
 y - a book of Enchantments
Comestibles
 c - 3 bread rations
 n - 4 beef jerkies
 r - a royal jelly

Dungeon Overview and Level Annotations

Branches:
Dungeon (7/15)
 Temple: D:4-7

Altars:
Dithmenos
Fedhas
Ru
Trog
Vehumet
Xom

Annotations:
D:6 pedritolo's ghost, novice DsCK


Message History

The troll shouts!
You see here 14 stones.
A giant frog comes into view.
A giant frog comes into view.
There is a stone staircase leading up here.
Cast which spell? (? or * to list)
Aiming: Throw Icicle
Press: ? - help, Shift-Dir - straight line, f - troll
Aim: a troll The shard of ice misses the troll.
You are near starving!
The troll bites you! The troll claws you but does no damage.
The troll claws you!
Cast which spell? (? or * to list)
Aiming: Throw Icicle
Press: ? - help, Shift-Dir - straight line, f/p - troll
Aim: a troll The shard of ice misses the troll.
The troll bites you. The troll barely misses you. x2
Cast which spell? (? or * to list)
Aiming: Throw Icicle
Press: ? - help, Shift-Dir - straight line, f/p - troll
Aim: a troll The shard of ice hits the troll.
The troll is moderately wounded.
The troll bites you but does no damage. The troll barely misses you.
The troll claws you.
Cast which spell? (? or * to list)
Aiming: Throw Icicle
Press: ? - help, Shift-Dir - straight line, f/p - troll
Aim: a troll (lightly wounded)
The shard of ice hits the troll.
The troll is severely wounded.
The troll bites you. The troll claws you.
You die...

##.....## #######.#######
#.......# #.............#
#..~~~..# #.#####.####.######
#..~~~..## #.# #..<..........#
...~~~...# #.# #.#.####.##.###
...~~~...# #.# #.#.####.##.#
....8....# #.# #........(#.#
.........######T###.#.......#.###
................@.........<.....#
..#############.###.##.###....#.#
..# ######....................#.#
..# #.......#.#.#..........#..#.#
..###.......#.#.#................
..##............###.####.#....#.#
..............### #.# #.#....#.#
.###.#....###.# ######.#....#.#
.###.#....# #... #...........#.#


You could see a troll.

Action                   |  1- 3 |  4- 6 |  7- 9 || total
-------------------------+-------+-------+-------++-------
Melee: Unarmed           |     2 |       |     1 ||     3
 Cast: Freeze            |    69 |   203 |    25 ||   297
       Throw Icicle      |       |     5 |    12 ||    17
  Use: Scroll            |       |       |     9 ||     9
  Eat: Chunk             |     3 |    15 |     4 ||    22

Notes
Turn   | Place    | Note
--------------------------------------------------------------
     0 | D:1      | Duffy the Deep Elf Ice Elementalist began the quest for the Orb.
     0 | D:1      | Reached XP level 1. HP: 10/10 MP: 6/6
   373 | D:1      | Reached XP level 2. HP: 16/16 MP: 5/8
   597 | D:1      | Reached skill level 1 in Fighting
   990 | D:1      | Reached skill level 4 in Ice Magic
  1082 | D:1      | Reached XP level 3. HP: 17/20 MP: 5/9
  1162 | D:1      | Found a shimmering altar of Xom.
  1485 | D:2      | Learned a level 3 spell: Ozocubu's Armour
  1854 | D:2      | Reached XP level 4. HP: 26/26 MP: 6/10
  1891 | D:2      | Learned a level 4 spell: Throw Icicle
  1954 | D:2      | Reached skill level 2 in Fighting
  2080 | D:2      | Found a sacrificial altar of Ru.
  2086 | D:2      | Found a radiant altar of Vehumet.
  2090 | D:2      | Became a worshipper of Vehumet
  2790 | D:2      | Noticed a moth of wrath
  2792 | D:2      | Found a bloodstained altar of Trog.
  2823 | D:2      | Reached skill level 2 in Conjurations
  3084 | D:2      | Reached XP level 5. HP: 17/30 MP: 9/12
  3226 | D:2      | Reached skill level 5 in Ice Magic
  3347 | D:2      | Reached * piety under Vehumet
  3347 | D:2      | Offered knowledge of Sandblast by Vehumet.
  3554 | D:3      | Reached skill level 4 in Spellcasting
  3913 | D:3      | Noticed Jessica
  3921 | D:3      | Killed Jessica
  3921 | D:3      | Reached skill level 3 in Conjurations
  4365 | D:3      | Reached XP level 6. HP: 33/35 MP: 8/14
  5265 | D:4      | Reached ** piety under Vehumet
  5571 | D:4      | Offered knowledge of Shock by Vehumet.
  5743 | D:4      | Reached skill level 4 in Conjurations
  6286 | D:5      | Entered Level 5 of the Dungeon
  6704 | D:5      | Reached skill level 5 in Spellcasting
  6704 | D:5      | Reached XP level 7. HP: 40/40 MP: 13/16
  6905 | D:5      | Found a shadowy altar of Dithmenos.
  7136 | D:6      | Noticed pedritolo's ghost (novice DsCK)
  7282 | D:6      | Reached skill level 5 in Conjurations
  7382 | D:6      | Reached skill level 6 in Ice Magic
  7677 | D:6      | Found a blossoming altar of Fedhas.
  7689 | D:6      | Found a sand-covered staircase.
  7701 | Ossuary  | Entered an ossuary
  7893 | D:7      | Noticed a troll
  8030 | D:7      | Slain by a troll

Vault maps used:
D:1:      elethiomel_arrival_maze, minmay_misc_feat_enclosed,
          minmay_misc_feat_hallway, xom_teletrap_fun
D:2:      amethyst_overflow_temple_binary, tgw_trog
D:3:      first_bread, uniq_jessica
D:4:      minmay_bad_closet
D:5:      nicolae_dithmenos_the_darkroom, minmay_fire_ice_demons
D:6:      marbit_many_paths, gammafunk_temple_overflow_wave,
          minmay_temple_entry_nine_rooms, enter_ossuary_2, fedhas_altar_1
D:7:      tgw_sif, serial_park_tiny_pond
Ossuary:  minmay_ossuary_two_tombs

Vanquished Creatures
  2 giant frogs
  A crimson imp
  A jelly
  An orc priest Jessica
  An iguana
  6 worker ants
  7 gnolls
  7 adders
  A shadow imp
  A white imp
  An adder skeleton
  11 worms
  4 giant geckos
  20 orcs
  6 giant cockroaches
  6 goblins
  13 hobgoblins
  9 jackals
  12 kobolds
  8 quokkas
  8 bats
  A giant gecko skeleton
  6 giant newts
  22 rats
156 creatures vanquished.
